Map: Neon Violet Square LE

Players

Serral - Winner!

  • Race: Zerg Zerg
  • Spawn Location: 5:00

Trust

  • Race: Protoss Protoss
  • Spawn Location: 11:00

Event: IEM Season 12 - Katowice

VOD

Have the link to the VOD?

Description

Time

  • Played on: Feb. 26, 2018, 10:23 a.m.
  • Length: 13:45

All games in this series

Show
View Real Time Build Order
Export as new Build Order

Serral Zerg - Winner!

Build Orders: Hatch First, Lurkers 

Get SALT Encoding   

  12  0:00  Drone  
  13  0:12  Overlord  
  13  0:17  Drone  
  14  0:31  Drone x2  
  17  0:35  Drone  
  17  0:53  Hatchery  
  17  0:55  Drone  
  17  0:59  Drone  
  18  1:10  Extractor  
  17  1:13  Spawning Pool  
  17  1:17  Drone  
  17  1:20  Drone  
  18  1:28  Drone  
  19  1:38  Overlord  
  19  1:50  Drone  
  20  2:00  Queen  
  23  2:01  Drone  
  23  2:04  Queen  
  23  2:05  Zergling x2  
  26  2:10  Metabolic Boost  
  26  2:11  Drone  
  26  2:15  Drone  
  28  2:23  Drone  
  28  2:26  Drone  
  30  2:37  Hatchery  
  30  2:40  Zergling x2  
  30  2:45  Queen  
  30  2:49  Overlord  
  32  2:52  Drone  
  32  2:55  Zergling x2  
  32  2:56  Drone  
  35  3:02  Zergling x2  
  36  3:09  Drone x2  
  36  3:10  Drone x3  
  41  3:18  Drone  
  42  3:20  Queen  
  42  3:27  Overlord  
  44  3:29  Spore Crawler  
  44  3:33  Drone x2  
  41  3:39  Drone  
  39  3:43  Drone x2  
  39  3:46  Spore Crawler  
  39  3:48  Drone  
  42  3:52  Drone x2  
  42  3:53  Drone  
  42  3:55  Drone  
  46  3:59  Drone  
  47  4:09  Drone x2, Evolution Chamber  
  48  4:14  Overlord  
  48  4:16  Zergling x4  
  50  4:18  Spore Crawler  
  50  4:21  Drone  
  50  4:23  Drone x2  
  52  4:25  Drone  
  53  4:33  Baneling Nest  
  53  4:36  Zerg Melee Weapons Level 1  
  53  4:38  Drone x3  
  53  4:39  Drone  
  53  4:45  Overlord  
  56  4:47  Drone x3  
  56  4:50  Drone x2  
  61  4:53  Drone  
  61  4:56  Overlord  
  61  4:59  Overlord  
  58  5:09  Lair  
  58  5:16  Drone x8  
  61  5:23  Queen  
  61  5:24  Drone  
  61  5:25  Drone  
  61  5:26  Drone  
  66  5:30  Extractor  
  66  5:31  Extractor  
  66  5:32  Zergling x6  
  66  5:33  Drone  
  68  5:37  Drone x4  
  68  5:41  Queen  
  74  5:45  Zergling x2  
  74  5:48  Zergling x4  
  77  5:53  Zergling x2  
  77  5:54  Extractor  
  77  5:57  Overlord  
  77  5:59  Zergling x8  
  77  6:00  Baneling x3  
  81  6:08  Hydralisk Den  
  81  6:11  Drone  
  81  6:13  Overlord  
  81  6:16  Overlord  
  80  6:21  Drone x7  
  84  6:28  Drone x4  
  84  6:29  Spore Crawler  
  85  6:34  Drone x4  
  85  6:39  Centrifical Hooks  
  90  6:41  Hydralisk  
  90  6:43  Hydralisk  
  90  6:46  Drone  
  95  6:50  Extractor, Hydralisk  
  95  6:51  Zergling x6  
  95  6:52  Zergling x2  
  99  6:57  Spine Crawler  
  99  6:58  Spine Crawler  
  97  7:02  Baneling x4  
  97  7:03  Baneling x4  
  97  7:05  Hydralisk  
  97  7:07  Spine Crawler, Overlord  
  98  7:11  Baneling x3  
  98  7:18  Baneling x2  
  98  7:27  Zergling x20  
  98  7:28  Zergling x4  
  101  7:33  Hydralisk x3  
  99  7:44  Zergling x8  
  98  7:54  Hydralisk x3  
  102  7:58  Grooved Spines  
  102  8:04  Drone  
  103  8:10  Zerg Missile Weapons Level 1  
  103  8:12  Overseer  
  103  8:13  Hydralisk  
  103  8:16  Baneling x2  
  103  8:17  Overlord x3  
  105  8:26  Hatchery  
  104  8:27  Overlord  
  104  8:34  Drone  
  105  8:35  Overlord  
  105  8:37  Drone  
  105  8:39  Drone  
  105  8:44  Hydralisk x4  
  112  8:54  Zergling x6  
  115  8:59  Zergling x4  
  117  9:10  Muscular Augments  
  117  9:11  Hydralisk x3  
  117  9:12  Zergling x8  
  117  9:14  Spine Crawler, Baneling x14  
  117  9:15  Spine Crawler  
  125  9:23  Overlord x2, Hydralisk x2  
  127  9:24  Zergling x2  
  127  9:27  Baneling x2  
  127  9:28  Baneling x2  
  127  9:31  Baneling  
  128  9:34  Zergling x14  
  135  9:39  Baneling x4  
  135  9:42  Zergling x10  
  140  9:46  Queen  
  137  9:54  Zergling x12  
  137  9:57  Hydralisk x2  
  126  10:09  Drone x8  
  126  10:13  Zerg Missile Weapons Level 2  
  132  10:21  Drone x7, Lurker Den  
  130  10:24  Extractor  
  130  10:25  Extractor  
  134  10:30  Overseer, Hydralisk  
  134  10:31  Hydralisk x2  
  140  10:44  Queen  
  142  10:50  Zergling x26  
  155  10:59  Drone x4  
  155  11:03  Overlord x4  
  159  11:06  Baneling x9  
  159  11:16  Overlord  
  159  11:17  Overlord  
  159  11:28  Hatchery  
  158  11:38  Hydralisk x3  
  164  11:48  Lurker x10  
  164  11:49  Overseer  
  164  11:50  Hydralisk  
  164  11:51  Zergling x26  
  164  11:53  Overlord  
  188  12:04  Hydralisk x3  
  188  12:05  Zergling x10  
  197  12:23  Infestation Pit  
  197  12:27  Lurker x3  
  199  12:33  Pneumatized Carapace  
  199  12:38  Overlord x2  
  199  12:40  Hatchery  
  199  12:41  Extractor  
  176  12:58  Hydralisk  
  176  12:59  Hydralisk x2, Zergling x2  
  176  13:00  Zergling x40  
  177  13:07  Hydralisk x5  
  183  13:19  Drone x6  
  184  13:27  Zergling x12  
Show
View Real Time Build Order
Export as new Build Order

Trust Protoss 

Build Orders: 1 Gate Expand, Oracle Opening, Zealot Archon, Archon Drop 

Get SALT Encoding   

  12  0:00  Probe  
  13  0:12  Probe  
  14  0:20  Pylon  
  14  0:24  Probe  
  15  0:38  Probe (Chrono Boost)  
  15  0:40  Gateway  
  16  0:48  Probe (Chrono Boost), Assimilator  
  17  0:53  Probe (Chrono Boost)  
  18  1:04  Probe  
  19  1:17  Probe  
  20  1:27  Nexus  
  20  1:38  Cybernetics Core  
  20  1:43  Probe  
  21  1:47  Assimilator  
  21  1:54  Pylon  
  21  1:57  Probe  
  22  2:09  Probe  
  22  2:14  Stargate  
  23  2:16  Adept (Chrono Boost)  
  23  2:21  Probe  
  26  2:25  Warp Gate  
  26  2:33  Probe  
  26  2:36  Adept  
  29  2:39  Probe  
  30  2:45  Probe  
  32  2:51  Probe  
  32  2:57  Oracle (Chrono Boost)  
  32  2:58  Probe  
  33  3:03  Probe  
  37  3:10  Probe  
  38  3:15  Probe  
  38  3:16  Gateway  
  39  3:22  Probe  
  39  3:26  Oracle (Chrono Boost)  
  43  3:27  Probe  
  44  3:40  Probe x2  
  44  3:42  Pylon  
  44  3:43  Adept  
  46  3:50  Assimilator  
  46  3:51  Pylon, Assimilator  
  46  4:00  Probe  
  46  4:05  Robotics Facility  
  46  4:08  Pylon  
  46  4:09  Probe  
  47  4:18  Probe (Chrono Boost), Twilight Council  
  47  4:21  Probe (Chrono Boost)  
  49  4:30  Probe (Chrono Boost)  
  50  4:33  Probe (Chrono Boost)  
  50  4:36  Stalker  
  54  4:39  Probe (Chrono Boost)  
  54  4:40  Probe (Chrono Boost)  
  54  4:43  Gateway  
  54  4:44  Probe  
  54  4:45  Gateway  
  55  4:47  Probe  
  57  4:55  Warp Prism (Chrono Boost)  
  59  5:02  Templar Archives  
  59  5:05  Pylon  
  56  5:22  Nexus  
  56  5:27  Immortal (Chrono Boost)  
  56  5:35  Adept  
  62  5:43  Gateway  
  62  5:45  Gateway  
  62  5:47  Gateway  
  62  5:49  Gateway  
  62  5:52  High Templar  
  62  5:53  High Templar  
  62  5:54  High Templar  
  62  5:56  High Templar  
  70  5:57  Archon  
  70  6:00  Archon  
  70  6:02  Pylon  
  70  6:14  Charge (Chrono Boost)  
  70  6:21  Immortal (Chrono Boost)  
  74  6:34  Probe x3  
  74  6:37  Pylon  
  73  6:42  Zealot x5, High Templar x2  
  73  6:45  Observer (Chrono Boost)  
  73  6:46  Zealot  
  90  6:47  Archon  
  90  6:56  Pylon  
  90  6:58  Pylon x2  
  90  7:07  High Templar x2  
  90  7:08  Zealot x3  
  100  7:11  Archon  
  100  7:15  Zealot x2  
  100  7:16  Zealot  
  102  7:33  Zealot x3  
  102  7:36  Zealot x2  
  92  7:39  Zealot  
  92  7:40  Zealot  
  84  7:44  Zealot  
  69  7:56  Probe x2  
  69  7:57  Probe, High Templar x2  
  69  7:58  Zealot x3  
  76  8:00  Psionic Storm  
  76  8:03  Immortal (Chrono Boost)  
  80  8:06  Archon  
  80  8:14  Pylon, Assimilator  
  80  8:17  Assimilator  
  80  8:18  Probe x3  
  83  8:30  Observer, High Templar  
  83  8:31  Zealot, High Templar  
  89  8:38  Zealot  
  89  8:39  Zealot  
  93  8:47  High Templar  
  93  8:48  Zealot x2  
  99  8:55  Pylon x2, Forge  
  99  8:59  High Templar  
  99  9:02  Zealot x2  
  105  9:16  High Templar x2  
  105  9:17  Zealot x2  
  111  9:22  Archon  
  113  9:24  Zealot  
  113  9:25  Zealot x2  
  113  9:28  Pylon  
  119  9:34  Zealot  
  119  9:37  High Templar  
  119  9:38  High Templar  
  125  9:41  Archon  
  125  9:42  Gateway  
  125  9:44  Pylon  
  125  9:48  High Templar x2  
  125  9:49  Zealot x2  
  84  10:05  Immortal (Chrono Boost)  
  78  10:10  Protoss Ground Weapons Level 1 (Chrono Boost)  
  78  10:14  Zealot x4, High Templar x2  
  80  10:19  Observer  
  90  10:24  Zealot x2  
  90  10:34  Immortal (Chrono Boost)  
  94  10:38  High Templar  
  94  10:42  Zealot x2  
  100  10:50  Zealot x3  
  100  10:56  Zealot  
  108  11:09  Nexus  
  108  11:11  Pylon  
  108  11:17  Immortal (Chrono Boost)  
  102  11:40  High Templar x3  
  102  11:41  Zealot x3, High Templar  
  102  11:45  Archon x2  
  116  11:52  Observer  
  116  11:54  Immortal (Chrono Boost)  
  116  12:00  Stargate  
  118  12:08  Photon Cannon, Assimilator  
  118  12:12  Assimilator  
  116  12:19  Immortal (Chrono Boost)  
  116  12:20  High Templar x2  
  116  12:22  Sentry x2  
  124  12:25  Archon  
  124  12:28  Photon Cannon  
  126  12:39  Stargate  
  126  12:50  Zealot x2, High Templar x2  
  124  12:57  Observer (Chrono Boost)  
  107  13:10  Zealot x3, High Templar x2  
  107  13:11  Archon  
  115  13:16  Archon  
  115  13:17  Observer (Chrono Boost)  
  114  13:20  Zealot x2  
  106  13:32  Zealot  
  106  13:33  Zealot  

Tags
 
Add a new tag
Caveats
  • Supply blocks, unpowered buildings, or Contaminate may cause inaccurate times.
  • Supply counts are checked every 10 seconds.